 Dungeon Crawl Stone Soup version 0.29.1-15-g9cfb28693d (webtiles) character file.

Game seed: 12962054282297550433

45 Gustavia the Shooter (level 3, -18/22 HPs)
             Began as a Kobold Hunter on Mar 9, 2023.
             Killed by an exploding goblin (25 damage)
             ... ignited by their inner flame
             ... on level 2 of the Dungeon.
             The game lasted 00:07:52 (1274 turns).

Gustavia the Shooter (Kobold Hunter)                Turns: 1274, Time: 00:07:53

Health: -18/22     AC:  4    Str:  7 (8)  XL:     3   Next: 90%
Magic:  3/3        EV: 14    Int:  7 (10) God:
Gold:   42         SH:  0    Dex: 18 (20) Spells: 2/2 levels left

rFire   . . .      SeeInvis .   a - +1 shortbow
rCold   . . .      Faith    .   (shield currently unavailable)
rNeg    . . .      Spirit   .   c - +0 leather armour
rPois   .          Reflect  .   (no helmet)
rElec   .          Harm     .   (no cloak)
rCorr   .          Rampage  .   e - +0 pair of gloves
Will    .....                   (no boots)
Stlth   +++.......              f - amulet of regeneration
HPRegen 0.87/turn               (no ring)
MPRegen 0.08/turn               (no ring)

@: about to teleport
A: small, no large weapons, nightstalker 3
a: no special abilities


You were on level 2 of the Dungeon.
You visited 1 branch of the dungeon, and saw 2 of its levels.

You collected 42 gold pieces.

Inventory:

Hand Weapons
 a - a +1 shortbow (weapon)
Armour
 c - a +0 leather armour (worn)
 e - a +0 pair of gloves (worn)
Jewellery
 f - an amulet of regeneration (around neck)
Potions
 d - a potion of resistance


   Skills:
 + Level 2.5 Fighting
 + Level 6.4 Ranged Weapons
 + Level 0.5 Armour
 + Level 2.7 Dodging
 + Level 1.4 Stealth


You had 2 spell levels left.
You didn't know any spells.
Your spell library was empty.

Dungeon Overview and Level Annotations

Branches:
Dungeon (2/15)

Altars:

Annotations:
D:2 Robin


Innate Abilities, Weirdness & Mutations

You are small and have problems with some larger weapons.
You are completely attuned to the shadows.


Message History

Aim: a goblin, wielding a +0 club (strong, 60% to hit)
You shoot an arrow. The arrow misses the goblin.
The goblin hits you with a +0 dagger. The goblin barely misses you.
The goblin hits you but does no damage.
Robin says, "A pitiful Kobold like you will never find the ORB!"
The goblin hits you with a +0 club.
Fire: a) +1 shortbow
Press: ? - help, Q - select action Shift-Dir - straight line, f/p - goblin
Aim: a goblin, wielding a +0 club (strong, 60% to hit)
Okay, then.
Okay, then.
Really read the scroll of immolation?
As you read the scroll of immolation, it crumbles to dust.
The creatures around you are filled with an inner flame!
The goblin barely misses you.
A goblin comes into view. It is wielding a +0 dagger.
The goblin closely misses you.
As you read the scroll of teleportation, it crumbles to dust.
You feel strangely unstable.
A hobgoblin comes into view.
The goblin barely misses you. The goblin closely misses you.
Fire: a) +1 shortbow
Press: ? - help, Q - select action Shift-Dir - straight line, f/p - goblin
Aim: a goblin, wielding a +0 club (inner flame, strong, 60% to hit)
You shoot an arrow. The arrow closely misses the goblin.
The goblin hits you with a +0 dagger.
* * * LOW HITPOINT WARNING * * *
The goblin barely misses you.
Robin roars a battlecry!
Fire: a) +1 shortbow
Press: ? - help, Q - select action Shift-Dir - straight line, f/p - goblin
Aim: a goblin, wielding a +0 club (inner flame, strong, 60% to hit)
You shoot an arrow. The arrow hits the goblin.
Flame seeps out of the goblin.
The goblin is moderately wounded.
The goblin closely misses you.
The goblin is engulfed in blazing flames.
The goblin explodes!
The fiery explosion engulfs you!!
Ouch! That really hurt!
You die...

#.# #.# #.# #.# #.#
. #.# g. #.#
.)g#############.#
.ggKg@○§......##.#
#############.##.###
#.##...# #.####.#
#.# #.# #.# #.#
####.## #.# ......#
#.# ####..# #.#


You could see Robin (inner flame), a hobgoblin (strong), 2 goblins and a kobold
(inner flame).

Vanquished Creatures
  2 ball pythons (D:1)
  An endoplasm (D:1)
  A giant cockroach (D:1)
  10 goblins
  4 hobgoblins
  11 jackals (D:1)
  A quokka (D:1)
  3 bats (D:1)
  2 frilled lizards (D:1)
  3 rats (D:1)
38 creatures vanquished.

Notes
Turn   | Place    | Note
-------+----------+-------------------------------------------
     0 | D:1      | Gustavia the Kobold Hunter began the quest for the Orb.
     0 | D:1      | Reached XP level 1. HP: 12/12 MP: 1/1
    36 | D:1      | Reached XP level 2. HP: 2/18 MP: 2/2
   434 | D:1      | Found a faded altar of an unknown god.
   448 | D:1      | Reached skill level 6 in Ranged Weapons
   454 | D:1      | Reached XP level 3. HP: 22/22 MP: 3/3
  1259 | D:2      | Noticed Robin
  1274 | D:2      | Killed by an exploding goblin... ignited by their inner
                  | flame

Illustrated notes

Levels and vault maps discovered:
D:1:      minmay_arrival_stone_box, layout_basic,
          dreamdust_ecumenical_altar_angels_and_demons
D:2:      layout_basic, minmay_small_reverse_x, uniq_robin, uniq_jessica

Skill      XL: |  1  2 |
---------------+-------+-----
Ranged Weapons | 6 |  6.4
Fighting       | |  2.5
Armour         | |  0.5
Dodging        | |  2.7
Stealth        | |  1.4

Action                   || total
-------------------------++-------
 Fire: Shortbow          ||    98
  Use: Scroll            ||     6
       Potion            ||     2
Armor: Leather armour    ||    37
Dodge: Dodged            ||   103
